General information
- name: BNet
- type: Ladder team game (AT/RT)
- host: Battle.net
- saver: BIGSAUSAGEPlZZA
map: TwistedMeadows
- players: 4
- length: 54:33
- speed: Fast
- version: 1.21 W3XP
- replay type: Public
» download(322 KB)
Players
team 1 (winner)
BIGSAUSAGEPlZZA (
pink | 106 APM | 5807 actions | 54:33)
6 Blademaster
3 Wind Walk
2 Critical Strike
1 Bladestorm
5 Shadow Hunter
2 Healing Wave
3 Hex
» actions
| Assign group hotkey | 136 | |
| Basic commands | 38 | |
| Build / train | 158 | |
| ESC pressed | 16 | |
| Enter build submenu | 58 | |
| Enter hero's abilities submenu | 11 | |
| Give item / drop item | 12 | |
| Right click | 2504 | |
| Select / deselect | 706 | |
| Select group hotkey | 1765 | |
| Use ability | 401 | |
5807 total
» units
| Peon | 20 | |
| Wind Rider | 2 | |
| Raider | 2 | |
| Troll Batrider | 49 | |
| Kodo Beast | 1 | |
| Goblin Zeppelin | 6 | |
80 total
» upgrades
| Ensnare | 1 | |
| Liquid Fire | 1 | |
| Ranged Weapons | 3 | |
| Armor | 3 | |
8 total
» buildings
| Altar of Storms | 1 | |
| Orc Burrow | 4 | |
| War Mill | 1 | |
| Watch Tower | 54 | |
| Voodoo Lounge | 1 | |
| Stronghold | 2 | |
| Beastiary | 2 | |
| Fortress | 1 | |
| Great Hall | 2 | |
68 total
» build order
00:08 Altar of Storms
00:33 Orc Burrow
00:47 War Mill
01:40 Orc Burrow
01:59 Watch Tower
02:18 Watch Tower
02:32 Voodoo Lounge
03:07 Watch Tower
03:13 Watch Tower
03:16 Watch Tower
04:15 Stronghold
04:34 Watch Tower
05:14 Watch Tower
05:18 Orc Burrow
05:22 Watch Tower
05:25 Watch Tower
06:25 Watch Tower
06:40 Beastiary
06:44 Beastiary
07:19 Watch Tower
07:20 Watch Tower
07:22 Watch Tower
07:30 Watch Tower
08:43 Fortress
09:17 Watch Tower
12:15 Orc Burrow
19:03 Watch Tower
19:03 Watch Tower
20:27 Watch Tower
20:29 Watch Tower
25:19 Great Hall
28:38 Great Hall
29:37 Watch Tower
29:37 Watch Tower
29:38 Watch Tower
29:39 Watch Tower
30:24 Watch Tower
30:25 Watch Tower
30:43 Watch Tower
30:44 Watch Tower
30:44 Watch Tower
30:46 Watch Tower
30:46 Watch Tower
30:47 Watch Tower
30:48 Watch Tower
34:52 Watch Tower
34:52 Watch Tower
34:53 Watch Tower
34:53 Watch Tower
34:59 Watch Tower
35:00 Watch Tower
35:01 Watch Tower
35:02 Watch Tower
36:30 Watch Tower
36:30 Watch Tower
36:31 Watch Tower
36:33 Watch Tower
36:34 Watch Tower
36:34 Watch Tower
38:12 Watch Tower
38:12 Watch Tower
38:13 Watch Tower
38:14 Watch Tower
38:17 Watch Tower
38:17 Watch Tower
38:18 Watch Tower
38:19 Watch Tower
» items
| Boots of Speed | 2 | |
| Staff of Teleportation | 4 | |
| Healing Salve | 7 | |
| Lesser Clarity Potion | 20 | |
| Orb of Lightning | 2 | |
| Potion of Healing | 3 | |
| Scroll of Town Portal | 2 | |
| Tiny Great Hall | 1 | |
| Potion of Mana | 5 | |
| Staff of Sanctuary | 2 | |
| Potion of Lesser Invulnerability | 1 | |
49 total
MrFrosty (
teal | 84 APM | 4592 actions | 54:32)
6 Archmage
3 Blizzard
2 Brilliance Aura
1 Mass Teleport
5 Blood Mage
3 Flame Strike
2 Banish
3 Mountain King
2 Storm Bolt
1 Bash
» actions
| Assign group hotkey | 27 | |
| Basic commands | 134 | |
| Build / train | 123 | |
| ESC pressed | 1 | |
| Enter build submenu | 41 | |
| Enter hero's abilities submenu | 15 | |
| Give item / drop item | 9 | |
| Right click | 2102 | |
| Select / deselect | 783 | |
| Select group hotkey | 957 | |
| Use ability | 395 | |
4592 total
» units
| Peasant | 13 | |
| Sorceress | 4 | |
| Priest | 4 | |
| Goblin Sapper | 9 | |
| Goblin Zeppelin | 2 | |
| Goblin Shredder | 1 | |
| Dragonhawk Rider | 4 | |
37 total
» upgrades
| Masonry | 3 | |
| Sorceress Training | 2 | |
| Magic Sentry | 1 | |
| Lumber Harvesting | 2 | |
| Priest Training | 2 | |
| Backpack | 1 | |
| Armor | 2 | |
| Cloud | 1 | |
| Animal War Training | 1 | |
| Swords | 1 | |
16 total
» buildings
| Altar of Kings | 1 | |
| Farm | 5 | |
| Scout Tower | 62 | |
| Lumber Mill | 1 | |
| Arcane Tower | 11 | |
| Guard Tower | 20 | |
| Keep | 1 | |
| Arcane Sanctum | 1 | |
| Castle | 1 | |
| Town Hall | 2 | |
| Arcane Vault | 1 | |
| Gryphon Aviary | 1 | |
| Barracks | 2 | |
| Blacksmith | 1 | |
110 total
» build order
00:08 Altar of Kings
00:20 Farm
00:32 Scout Tower
00:38 Lumber Mill
01:01 Arcane Tower
01:10 Farm
01:33 Scout Tower
01:55 Scout Tower
02:05 Guard Tower
02:23 Guard Tower
02:25 Scout Tower
02:57 Scout Tower
02:58 Arcane Tower
03:08 Keep
03:28 Guard Tower
03:32 Farm
04:00 Scout Tower
04:31 Farm
04:35 Guard Tower
05:35 Arcane Sanctum
08:25 Farm
09:33 Scout Tower
09:34 Scout Tower
10:25 Arcane Tower
10:28 Guard Tower
11:38 Scout Tower
11:38 Scout Tower
11:39 Scout Tower
11:40 Scout Tower
11:40 Scout Tower
11:40 Scout Tower
11:53 Castle
12:52 Arcane Tower
12:54 Guard Tower
12:57 Scout Tower
12:58 Scout Tower
12:59 Scout Tower
13:02 Town Hall
13:03 Guard Tower
13:32 Arcane Tower
13:33 Guard Tower
13:35 Scout Tower
13:37 Scout Tower
14:31 Arcane Tower
14:32 Guard Tower
15:29 Arcane Vault
16:50 Scout Tower
16:50 Scout Tower
16:51 Scout Tower
17:41 Guard Tower
17:43 Scout Tower
17:44 Scout Tower
17:44 Scout Tower
18:34 Arcane Tower
18:35 Guard Tower
19:26 Scout Tower
19:28 Scout Tower
19:28 Scout Tower
19:29 Scout Tower
19:31 Scout Tower
19:31 Scout Tower
19:32 Scout Tower
20:56 Arcane Tower
20:57 Guard Tower
21:43 Guard Tower
25:43 Scout Tower
25:43 Scout Tower
25:44 Scout Tower
25:45 Scout Tower
25:46 Scout Tower
25:48 Scout Tower
25:49 Scout Tower
25:51 Scout Tower
25:51 Scout Tower
25:53 Scout Tower
25:58 Town Hall
26:14 Arcane Tower
26:16 Guard Tower
26:20 Scout Tower
26:20 Scout Tower
26:21 Scout Tower
26:22 Scout Tower
26:24 Scout Tower
26:25 Scout Tower
26:26 Scout Tower
26:29 Scout Tower
26:30 Scout Tower
26:31 Scout Tower
26:44 Arcane Tower
26:46 Guard Tower
27:07 Guard Tower
27:13 Guard Tower
29:01 Guard Tower
29:17 Guard Tower
34:51 Scout Tower
34:52 Scout Tower
34:53 Scout Tower
34:55 Scout Tower
34:56 Scout Tower
34:57 Scout Tower
34:57 Scout Tower
35:00 Scout Tower
35:01 Scout Tower
35:02 Scout Tower
36:41 Arcane Tower
36:43 Guard Tower
48:46 Gryphon Aviary
48:48 Barracks
48:49 Blacksmith
50:13 Barracks
» items
| Staff of Teleportation | 3 | |
| Healing Salve | 2 | |
| Boots of Speed | 3 | |
| Circlet of Nobility | 1 | |
| Periapt of Vitality | 2 | |
| Staff of Sanctuary | 3 | |
| Orb of Lightning | 3 | |
| Scroll of Town Portal | 1 | |
| Potion of Invisibility | 1 | |
| Potion of Healing | 1 | |
20 total
team 2 (loser)
jjsex (
blue | 128 APM | 6965 actions | 54:31)
7 Blademaster
3 Wind Walk
3 Critical Strike
1 Bladestorm
5 Shadow Hunter
3 Hex
2 Healing Wave
» actions
| Assign group hotkey | 187 | |
| Basic commands | 258 | |
| Build / train | 96 | |
| ESC pressed | 3 | |
| Enter build submenu | 61 | |
| Enter hero's abilities submenu | 13 | |
| Give item / drop item | 6 | |
| Right click | 3133 | |
| Select / deselect | 902 | |
| Select group hotkey | 1999 | |
| Use ability | 298 | |
6965 total
» units
| Peon | 29 | |
| Grunt | 5 | |
| Raider | 3 | |
| Spirit Walker | 2 | |
| Troll Batrider | 16 | |
| Demolisher | 1 | |
| Goblin Zeppelin | 3 | |
| Tauren | 1 | |
| Goblin Shredder | 1 | |
| Wind Rider | 2 | |
63 total
» upgrades
| Ensnare | 1 | |
| Spirit Walker Training | 1 | |
| Pulverize | 1 | |
| Reinforced Defenses | 1 | |
4 total
» buildings
| Altar of Storms | 1 | |
| Orc Burrow | 8 | |
| Barracks | 1 | |
| Stronghold | 1 | |
| Voodoo Lounge | 1 | |
| War Mill | 2 | |
| Beastiary | 2 | |
| Spirit Lodge | 1 | |
| Fortress | 1 | |
| Tauren Totem | 1 | |
| Watch Tower | 33 | |
| Great Hall | 3 | |
55 total
» build order
00:04 Altar of Storms
00:18 Orc Burrow
00:37 Barracks
01:28 Orc Burrow
02:45 Stronghold
03:26 Orc Burrow
03:56 Voodoo Lounge
04:22 War Mill
05:38 Beastiary
06:56 Spirit Lodge
07:41 Fortress
07:46 Orc Burrow
09:06 Orc Burrow
10:43 Tauren Totem
12:08 Orc Burrow
15:55 Orc Burrow
18:36 Watch Tower
19:00 War Mill
22:01 Watch Tower
23:48 Watch Tower
24:52 Watch Tower
25:08 Watch Tower
25:26 Great Hall
26:08 Watch Tower
26:26 Watch Tower
29:03 Great Hall
30:00 Watch Tower
30:37 Watch Tower
30:39 Watch Tower
31:32 Watch Tower
32:29 Watch Tower
32:31 Watch Tower
33:53 Watch Tower
34:23 Great Hall
35:01 Watch Tower
35:30 Watch Tower
36:38 Watch Tower
37:07 Watch Tower
37:08 Watch Tower
37:10 Watch Tower
38:10 Watch Tower
38:12 Watch Tower
38:14 Watch Tower
39:02 Watch Tower
40:07 Watch Tower
40:10 Watch Tower
41:46 Watch Tower
42:15 Watch Tower
44:55 Watch Tower
45:12 Beastiary
45:16 Watch Tower
47:44 Watch Tower
48:07 Orc Burrow
50:14 Watch Tower
50:15 Watch Tower
» items
| Boots of Speed | 2 | |
| Scroll of Speed | 1 | |
| Healing Salve | 2 | |
| Dust of Appearance | 1 | |
| Scroll of Healing | 1 | |
| Orb of Lightning | 1 | |
| Staff of Teleportation | 2 | |
| Scroll of Town Portal | 1 | |
| Potion of Lesser Invulnerability | 1 | |
12 total
jjx (
yellow | 99 APM | 4725 actions | 47:49)
5 Demon Hunter
3 Mana Burn
2 Evasion
» actions
| Assign group hotkey | 18 | |
| Basic commands | 566 | |
| Build / train | 121 | |
| ESC pressed | 13 | |
| Enter build submenu | 63 | |
| Enter hero's abilities submenu | 5 | |
| Give item / drop item | 6 | |
| Right click | 1703 | |
| Select / deselect | 856 | |
| Select group hotkey | 1118 | |
| Use ability | 255 | |
4725 total
» units
| Wisp | 71 | |
| Glaive Thrower | 4 | |
| Huntress | 4 | |
| Archer | 16 | |
| Goblin Zeppelin | 1 | |
96 total
» upgrades
» buildings
| Altar of Elders | 2 | |
| Moon Well | 9 | |
| Ancient of Wonders | 1 | |
| Ancient of War | 2 | |
| Hunter's Hall | 1 | |
| Tree of Life | 10 | |
| Tree of Ages | 2 | |
| Ancient of Lore | 3 | |
| Ancient Protector | 23 | |
53 total
» build order
00:07 Altar of Elders
00:10 Altar of Elders
00:17 Moon Well
00:46 Ancient of Wonders
01:21 Moon Well
02:02 Ancient of War
02:51 Hunter's Hall
03:16 Ancient of War
04:15 Moon Well
04:36 Moon Well
05:24 Moon Well
05:25 Moon Well
05:38 Moon Well
07:25 Tree of Life
07:38 Tree of Life
09:48 Tree of Ages
10:01 Moon Well
15:41 Ancient of Lore
15:42 Ancient of Lore
15:49 Ancient of Lore
16:02 Ancient Protector
17:29 Tree of Life
17:30 Ancient Protector
17:31 Ancient Protector
17:32 Ancient Protector
17:34 Ancient Protector
17:35 Ancient Protector
17:40 Tree of Life
17:44 Ancient Protector
17:45 Ancient Protector
18:34 Tree of Life
21:24 Tree of Life
21:46 Tree of Ages
22:55 Tree of Life
23:00 Ancient Protector
24:49 Tree of Life
24:54 Ancient Protector
26:54 Ancient Protector
26:56 Ancient Protector
27:34 Ancient Protector
28:02 Ancient Protector
29:53 Tree of Life
30:17 Moon Well
34:52 Tree of Life
35:26 Ancient Protector
35:48 Ancient Protector
36:59 Ancient Protector
39:17 Ancient Protector
39:18 Ancient Protector
39:19 Ancient Protector
39:19 Ancient Protector
39:57 Ancient Protector
40:02 Ancient Protector
» items
| Dust of Appearance | 7 | |
| Scroll of Town Portal | 1 | |
| Potion of Lesser Invulnerability | 2 | |
| Boots of Speed | 1 | |
| Orb of Lightning | 1 | |
| Circlet of Nobility | 1 | |
| Staff of Teleportation | 1 | |
| Healing Salve | 1 | |
15 total
Chat log
(00:11 / All) jjsex: cani puase too put on some music?
(00:13 / Allies) MrFrosty: u gonna try v orc?
(00:16 / All) MrFrosty: sure
(00:19 / All) jjx: ty
(00:20 / All) jjsex: thx
(00:22 / Allies) BIGSAUSAGEPlZZA: vs the elf imo
(00:25 / Allies) BIGSAUSAGEPlZZA: need invis fast tho
(00:26 / Allies) MrFrosty: ok w/e
(00:28 / All) MrFrosty: TIME @ GO
(00:28 / All) BIGSAUSAGEPlZZA: ?? ? ? ? ? ??
(00:54 / Allies) BIGSAUSAGEPlZZA: ugh late burrow
(00:56 / All) jjsex: wtf u guys ubpause or somthing?
(01:03 / All) BIGSAUSAGEPlZZA: u said to nub
(01:14 / All) jjsex: :P!
(01:16 / All) BIGSAUSAGEPlZZA: !!!!
(01:18 / All) jjsex: im nub
(01:20 / All) jjsex: !!1
(01:27 / All) BIGSAUSAGEPlZZA: yo
(01:30 / All) BIGSAUSAGEPlZZA: one time
(01:34 / All) BIGSAUSAGEPlZZA: i sucked 6 in a row
(01:42 / All) jjsex: what?
(01:43 / Allies) BIGSAUSAGEPlZZA: elf on top
(01:51 / All) BIGSAUSAGEPlZZA: 6 dirty dix
(01:53 / All) BIGSAUSAGEPlZZA: in a row
(02:48 / Allies) MrFrosty: a blademaster!!!
(02:54 / Allies) MrFrosty: and hes following my am
(03:31 / All) BIGSAUSAGEPlZZA: wtf jerk
(03:33 / All) BIGSAUSAGEPlZZA: i wanted that mana
(04:07 / Allies) BIGSAUSAGEPlZZA: need gold for tech
(04:10 / Allies) MrFrosty: ugh bm has boots
(04:25 / Allies) MrFrosty: ugh
(04:57 / All) BIGSAUSAGEPlZZA: DEAD
(05:04 / Allies) BIGSAUSAGEPlZZA: dh died lol
(05:55 / Allies) BIGSAUSAGEPlZZA: amss glaive
(05:59 / Allies) MrFrosty: o
(06:05 / Allies) MrFrosty: ill try to harras
(06:05 / Allies) MrFrosty: s
(06:06 / Allies) BIGSAUSAGEPlZZA: lets kill em
(06:15 / Allies) BIGSAUSAGEPlZZA: gay gay gay
(06:46 / Allies) BIGSAUSAGEPlZZA: beats going up
(06:48 / Allies) MrFrosty: HEX
(06:49 / All) jjsex: DEAD
(06:50 / All) BIGSAUSAGEPlZZA: get sorc over there
(07:03 / Allies) BIGSAUSAGEPlZZA: f strike behind mine
(07:08 / Allies) MrFrosty: k
(09:01 / Allies) BIGSAUSAGEPlZZA: go invis to orc imo
(09:04 / Allies) BIGSAUSAGEPlZZA: distract
(09:07 / Allies) BIGSAUSAGEPlZZA: so i can rape ne base
(09:25 / Allies) MrFrosty: scanned
(10:00 / Allies) BIGSAUSAGEPlZZA: io shit
(10:07 / Allies) BIGSAUSAGEPlZZA: i fucked it up
(10:40 / Allies) BIGSAUSAGEPlZZA: maybe not
(10:48 / Allies) MrFrosty: wooot
(10:59 / All) BIGSAUSAGEPlZZA: wtf creep kwned u
(11:29 / Allies) BIGSAUSAGEPlZZA: doign it to orc
(11:31 / Allies) BIGSAUSAGEPlZZA: if u can fstrike
(11:34 / Allies) BIGSAUSAGEPlZZA: i got guys to invis
(11:43 / All) BIGSAUSAGEPlZZA: where ur mine yellow
(11:45 / Allies) MrFrosty: bring them to my base
(11:58 / Allies) BIGSAUSAGEPlZZA: hes batting it
(12:04 / Allies) MrFrosty: thats ok
(12:18 / Allies) MrFrosty: imo this is best possible spot
(12:55 / Allies) BIGSAUSAGEPlZZA: lool
(13:11 / Allies) MrFrosty: go
(13:20 / Allies) MrFrosty: oh
(13:45 / Allies) BIGSAUSAGEPlZZA: lol
(13:46 / Allies) MrFrosty: tt
(13:51 / Allies) BIGSAUSAGEPlZZA: i got it
(13:54 / Allies) MrFrosty: hahahhaa
(14:37 / Allies) BIGSAUSAGEPlZZA: scan it
(14:45 / Allies) BIGSAUSAGEPlZZA: haha no raiders
(15:02 / Allies) MrFrosty: god thats bullshit
(15:10 / Allies) MrFrosty: oh well
(15:25 / Allies) BIGSAUSAGEPlZZA: i make elf tp again
(15:32 / Allies) BIGSAUSAGEPlZZA: if u kill dh
(15:56 / Allies) BIGSAUSAGEPlZZA: hahahahah
(16:27 / Allies) MrFrosty: lol
(16:32 / Allies) MrFrosty: thanks for +8 str
(17:16 / Allies) BIGSAUSAGEPlZZA: scan
(17:21 / Allies) MrFrosty: welp
(18:19 / Allies) BIGSAUSAGEPlZZA: tt
(18:22 / Allies) MrFrosty: u want an evasion talisman yeh?
(18:24 / Allies) BIGSAUSAGEPlZZA: yes
(20:47 / Allies) MrFrosty: hahaha
(20:49 / Allies) MrFrosty: did you see that
(20:54 / Allies) BIGSAUSAGEPlZZA: hahah he got away?
(20:58 / Allies) MrFrosty: yes
(21:04 / Allies) BIGSAUSAGEPlZZA: i stopped watching bc dead
(21:06 / Allies) MrFrosty: banished until am could staff him back
(21:33 / Allies) MrFrosty: owned
(22:10 / Allies) BIGSAUSAGEPlZZA: w/e
(22:44 / Allies) MrFrosty: talisman fyi
(22:54 / Allies) BIGSAUSAGEPlZZA: can i get some gold to expo
(22:56 / Allies) BIGSAUSAGEPlZZA: behind me
(23:00 / Allies) BIGSAUSAGEPlZZA: gonna needa bit until i get one up
(23:01 / Allies) BIGSAUSAGEPlZZA: ty
(23:56 / Allies) BIGSAUSAGEPlZZA: kill dh also?
(24:01 / Allies) BIGSAUSAGEPlZZA: oh u hitting that
(24:36 / Allies) MrFrosty: oops
(24:37 / Allies) MrFrosty: w/e
(25:14 / Allies) BIGSAUSAGEPlZZA: more gold
(25:28 / All) jjx: are u guys having fun playing like this? mass tower base? not practicing how to micro units?
(25:32 / All) BIGSAUSAGEPlZZA: ??
(25:43 / All) BIGSAUSAGEPlZZA: practicing?
(25:48 / All) jjx: lol....
(25:54 / All) BIGSAUSAGEPlZZA: are u really that gay?
(26:04 / All) jjx: aha gay?
(26:09 / All) jjx: are u really that dumb?
(27:33 / Allies) BIGSAUSAGEPlZZA: laff
(27:36 / Allies) BIGSAUSAGEPlZZA: scan this
(27:37 / Allies) BIGSAUSAGEPlZZA: im taking it
(30:21 / Allies) MrFrosty: sappers take a long time to reappear
(30:33 / Allies) BIGSAUSAGEPlZZA: ya yty
(31:31 / Allies) MrFrosty: owned that expo and a shitload of wisps
(32:15 / Allies) MrFrosty: tt
(32:20 / Allies) BIGSAUSAGEPlZZA: o
(32:20 / Allies) BIGSAUSAGEPlZZA: w/e
(32:21 / Allies) MrFrosty: hex is so gay
(32:24 / Allies) MrFrosty: yeh
(32:44 / All) BIGSAUSAGEPlZZA: look i have this hero u havent even seen
(32:49 / All) BIGSAUSAGEPlZZA: its the same lvl as ur frist
(33:03 / All) jjx: thats great kid
(33:12 / All) BIGSAUSAGEPlZZA: KiD
(33:54 / All) BIGSAUSAGEPlZZA: fuck
(33:56 / Allies) MrFrosty: jesus fucking christ
(33:57 / All) BIGSAUSAGEPlZZA: we cant replace those
(33:59 / Allies) MrFrosty: guy wont stop purging
(35:19 / Allies) BIGSAUSAGEPlZZA: lol?
(35:33 / Allies) BIGSAUSAGEPlZZA: yellow alone
(35:33 / Allies) BIGSAUSAGEPlZZA: k
(36:48 / Allies) BIGSAUSAGEPlZZA: tt
(36:52 / Allies) MrFrosty: t t
(37:47 / Allies) BIGSAUSAGEPlZZA: wute
(37:51 / Allies) BIGSAUSAGEPlZZA: where are u sending me
(37:56 / Allies) MrFrosty: sorry
(37:58 / Allies) MrFrosty: didnt mean to
(38:04 / Allies) MrFrosty: meant to unlaod then send am
(38:06 / Allies) MrFrosty: but delay
(38:52 / Allies) MrFrosty: o w n e d
(38:55 / All) BIGSAUSAGEPlZZA: this is a good time to be losing heros
(39:22 / Allies) MrFrosty: i love when they try to tower up b/c it has worked for us
(39:39 / Allies) MrFrosty: im comin
(39:47 / Allies) BIGSAUSAGEPlZZA: i wasnt watching
(39:52 / Allies) MrFrosty: oh nice
(39:55 / Allies) BIGSAUSAGEPlZZA: lol
(40:19 / Allies) BIGSAUSAGEPlZZA: haha
(40:59 / Allies) BIGSAUSAGEPlZZA: christ
(41:15 / Allies) BIGSAUSAGEPlZZA: lOL
(41:24 / Allies) MrFrosty: yeah
(41:25 / Allies) MrFrosty: nice joke
(41:27 / Allies) MrFrosty: tbh
(41:27 / Allies) BIGSAUSAGEPlZZA: blade is 6 ugh
(41:28 / All) jjx: haha that was fun
(41:29 / All) jjx: bitch
(41:30 / All) BIGSAUSAGEPlZZA: ^_^
(41:38 / All) MrFrosty: uh oh and we are nearly out of gold too
(41:56 / All) jjx: tahts right
(42:42 / Allies) BIGSAUSAGEPlZZA: wanna kill him
(42:45 / Allies) BIGSAUSAGEPlZZA: ill hex if he tries to tp
(42:59 / All) BIGSAUSAGEPlZZA: LOL
(43:05 / Allies) BIGSAUSAGEPlZZA: blade died in sepp
(43:06 / Allies) BIGSAUSAGEPlZZA: now sh dies
(43:20 / All) BIGSAUSAGEPlZZA: hex is pretty cool huh
(44:08 / Allies) MrFrosty: hes about top tp
(44:58 / All) BIGSAUSAGEPlZZA: lmao
(47:31 / All) BIGSAUSAGEPlZZA: lmao
(47:34 / All) BIGSAUSAGEPlZZA: noobs
(47:36 / All) BIGSAUSAGEPlZZA: learn to micro
(47:52 / All) BIGSAUSAGEPlZZA: 2ez
(48:30 / Allies) BIGSAUSAGEPlZZA: i got that
(48:35 / Allies) MrFrosty: k
(48:44 / Allies) BIGSAUSAGEPlZZA: bring priests?
(48:58 / Allies) MrFrosty: sure and ill get some hawks so this is a bit ezer
(49:39 / Allies) BIGSAUSAGEPlZZA: gay i used staff
(51:44 / Allies) MrFrosty: want to invisi bat his lil bit of air
(51:52 / Allies) BIGSAUSAGEPlZZA: hes only got 2 vys left?
(51:56 / Allies) BIGSAUSAGEPlZZA: but w.e
(52:05 / Allies) MrFrosty: a lil bit more than that
(52:26 / Allies) BIGSAUSAGEPlZZA: find it
(52:44 / Allies) BIGSAUSAGEPlZZA: shit sitting in base
(52:58 / All) BIGSAUSAGEPlZZA: SUP
(53:12 / Allies) MrFrosty: lol
(53:23 / Allies) MrFrosty: thats always cool as heck
(53:25 / Allies) BIGSAUSAGEPlZZA: ya
(53:29 / Allies) MrFrosty: peon